 Dungeon Crawl Stone Soup version 0.21-a0-55-gb612c23 (webtiles) character file.

1555 HAL9000 the Basher (level 8, 0/76 HPs)
             Began as an Ogre Hunter on June 15, 2017.
             Was an Initiate of Makhleb.
             Slain by a wight
             ... wielding a +0 battleaxe
              (10 damage)
             ... on level 6 of the Dungeon.
             The game lasted 00:16:49 (7737 turns).

HAL9000 the Basher (Ogre Hunter)                    Turns: 7737, Time: 00:16:49

Health: 0/76       AC:  5    Str: 18    XL:     8   Next: 88%
Magic:  8/8        EV: 10    Int: 15    God:    Makhleb [......]
Gold:   251        SH:  0    Dex: 10    Spells: 7/7 levels left

rFire    . . .     SeeInvis .   r - +1 whip (elec)
rCold    . . .     Gourm    .   (no shield)
rNeg     . . .     Faith    .   b - +0 robe
rPois    .         Spirit   .   (helmet restricted)
rElec    .         Reflect  .   (no cloak)
rCorr    .         Harm     .   (gloves unavailable)
MR       ++...                  (boots unavailable)
Stlth    +.........             (no amulet)
HPRegen  0.22/turn              y - +3 ring of intelligence
MPRegen  0.11/turn              p - ring of protection from magic

@: drained
A: unfitting armour, horns 1, iridescent scales 1, magic resistance 1, tough
skin 1
a: Renounce Religion


You were on level 6 of the Dungeon.
You worshipped Makhleb.
Makhleb was noncommittal.
You were not hungry.

You visited 2 branches of the dungeon, and saw 7 of its levels.

You collected 251 gold pieces.

Inventory:

Hand Weapons
 r - a +1 whip of electrocution (weapon)
Missiles
 c - 4 large rocks (quivered)
 d - 4 throwing nets
Armour
 b - a +0 robe (worn)
Jewellery
 h - an uncursed ring of magical power
 p - a ring of protection from magic (right hand)
 x - an uncursed ring of wizardry
 y - a +3 ring of intelligence (left hand)
Wands
 E - a wand of disintegration (13/24)
Scrolls
 g - 2 scrolls of amnesia {unknown}
 j - 10 scrolls of identify {unknown}
 l - 6 scrolls of teleportation {unknown}
 m - 4 scrolls of enchant weapon {unknown}
 t - a scroll of immolation {unknown}
Potions
 v - 2 potions of might {unknown}
 z - a potion of flight {unknown}
 G - a potion of cancellation {unknown}
Comestibles
 f - 3 bread rations
 B - 2 meat rations
 D - 3 royal jellies


   Skills:
 - Level 3.6(3.2) Fighting
 + Level 9.7(9.2) Maces & Flails
 - Level 4.0(3.6) Throwing
 - Level 1.7(1.4) Dodging
 - Level 0.6(0.2) Stealth


You had 7 spell levels left.
You didn't know any spells.

Dungeon Overview and Level Annotations

Branches:
Dungeon (6/15)             Temple (1/1) D:6

Altars:
Ashenzari
Cheibriados
Dithmenos
Fedhas
Gozag
Hepliaklqana
Kikubaaqudgha
Makhleb
Nemelex Xobeh
Okawaru
Qazlal
Ru
Trog
Wu Jian
Xom
Zin
The Shining One


Innate Abilities, Weirdness & Mutations

You are too large for most types of armour.
You have tough skin. (AC +1)
You have a pair of small horns on your head.
You are partially covered in iridescent scales. (AC +2)
You are resistant to hostile enchantments. (MR+)


Message History

The wight hits you with a battleaxe.
* * * LOW HITPOINT WARNING * * *
You closely miss the wight.
The wight is severely damaged. 2 jackals come into view.
You barely miss the wight.
The wight is severely damaged.
The jackal barks!
The wight hits you with a battleaxe!
* * * LOW HITPOINT WARNING * * *
A jackal comes into view.
The jackal barks! x2
You hit the wight. Your headbutt misses the wight.
The wight is severely damaged.
Unknown command.
Okay, then.
You hit the wight but do no damage.
The wight is severely damaged.
The wight hits you with a battleaxe!
You die...

......†...## ......###..##
#...........#
#.........#.####
..........#..))##
.#........####..######
##..........###.#....# .(
........>.#..##......#.....
#####...........@..h.#......
# ######......#z...#...... .
######..).hh....... .
.................... .≈
#######.#........... ≈≈
#.#...^....... .
#.#........... ≈
#.#..?.#.../..
#......##.....


You could see a wight and 3 jackals.

Vanquished Creatures
  Prince Ribbit (D:6)
  Grinder (D:3)
  A sky beast (D:5)
  An ice beast (D:5)
  A phantom (D:3)
  An ogre (D:4)
  2 bullfrogs
  2 scorpions
  3 wights (D:6)
  A centaur skeleton (D:4)
  3 orc priests
  4 orc wizards
  An iguana (D:6)
  A worker ant (D:4)
  7 adders
  2 shadow imps (D:5)
  An ooze (D:5)
  2 worms
  4 dart slugs (D:1)
  4 leopard geckos
  16 orcs
  4 giant cockroaches
  8 goblins
  14 hobgoblins
  3 jackals
  10 kobolds
  2 quokkas
  A ball python (D:2)
  8 bats
  8 frilled lizards
  9 rats
126 creatures vanquished.

Vanquished Creatures (others)
  A plant (D:4)
1 creature vanquished.

Grand Total: 127 creatures vanquished

Notes
Turn   | Place    | Note
-------+----------+-------------------------------------------
     0 | D:1      | HAL9000 the Ogre Hunter began the quest for the Orb.
     0 | D:1      | Reached XP level 1. HP: 22/22 MP: 1/1
   250 | D:1      | Reached XP level 2. HP: 12/31 MP: 2/2
   546 | D:1      | Reached skill level 1 in Maces & Flails
   738 | D:1      | Reached XP level 3. HP: 36/37 MP: 3/3
  1051 | D:1      | Reached skill level 2 in Maces & Flails
  1345 | D:2      | Found a glowing golden altar of the Shining One.
  1991 | D:3      | Noticed a phantom
  2005 | D:2      | Reached XP level 4. HP: 25/46 MP: 4/4
  2402 | D:3      | Noticed Grinder
  2726 | D:2      | Reached skill level 3 in Maces & Flails
  3210 | D:2      | Reached XP level 5. HP: 40/53 MP: 5/5
  3336 | D:2      | Reached skill level 4 in Maces & Flails
  3991 | D:2      | Gained mutation: You are partially covered in iridescent scales. (AC +2) [potion of mutation]
  3991 | D:2      | Gained mutation: You have a pair of small horns on your head. [potion of mutation]
  3991 | D:2      | Gained mutation: You are resistant to hostile enchantments. (MR+) [potion of mutation]
  4304 | D:3      | Reached XP level 6. HP: 61/61 MP: 6/6
  4364 | D:3      | Killed a phantom
  4364 | D:3      | Reached skill level 5 in Maces & Flails
  4787 | D:3      | Killed Grinder
  4787 | D:3      | Reached skill level 6 in Maces & Flails
  4787 | D:3      | Reached XP level 7. HP: 42/67 MP: 7/7
  5434 | D:4      | Reached skill level 7 in Maces & Flails
  5699 | D:4      | Found a shattered altar of Ashenzari.
  5737 | D:4      | Saw a vision of the Swamp and the Spider Nest.
  5737 | D:4      | Noticed a redback
  5737 | D:4      | Noticed a redback
  5737 | D:4      | Noticed an alligator
  5807 | D:4      | Found a glowing silver altar of Zin.
  6158 | D:5      | Entered Level 5 of the Dungeon
  6164 | D:5      | Reached XP level 8. HP: 56/76 MP: 8/8
  6172 | D:5      | Reached skill level 8 in Maces & Flails
  7113 | D:6      | Found a staircase to the Ecumenical Temple.
  7120 | D:6      | Noticed Prince Ribbit
  7130 | Temple   | Entered the Ecumenical Temple
  7404 | Temple   | Became a worshipper of Makhleb the Destroyer
  7443 | D:6      | Killed Prince Ribbit
  7443 | D:6      | Reached skill level 9 in Maces & Flails
  7737 | D:6      | Slain by a wight

Vault maps used:
D:1:      noname_arrival_rooms_in_the_neighbourhood, minmay_tetromino_l2
D:2:      tso_metal_star
D:3:      first_bread, nrook_mini_backslash, feat_on_display, uniq_grinder
D:4:      kennysheep_mini_moat, grunt_ashenzari_visionary
D:6:      lemuel_blue_sif_altar, temple_statues, serial_shops,
          nicolae_shop_waterfront, uniq_pikel, uniq_prince_ribbit1, uniq_sigmund
Temple:   regret_index_temple_generic_petals

Skill      XL: |  1  2  3  4  5  6  7  8 |
---------------+-------------------------+-----
Fighting       | 3 |  3.6
Maces & Flails | 1 2 3 4 6 7 9 |  9.7
Throwing       | |  4.0
Dodging        | |  1.7
Stealth        | |  0.6

Action                   |  1- 3 |  4- 6 |  7- 9 || total
-------------------------+-------+-------+-------++-------
Melee: Short sword       |   128 |       |       ||   128
       Whip              |    31 |   119 |   182 ||   332
       Headbutt          |       |     2 |    31 ||    33
Throw: Large rock        |       |    13 |     5 ||    18
       Throwing net      |       |     1 |       ||     1
  Use: Potion            |       |     5 |       ||     5
 Stab: Sleeping          |     1 |       |     2 ||     3
       Distracted        |       |     1 |       ||     1
  Eat: Chunk             |     3 |     8 |     9 ||    20
       Fruit             |       |     1 |     1 ||     2
Armor: Robe              |    46 |    31 |    52 ||   129
Dodge: Dodged            |    86 |    58 |    55 ||   199
